Map: Flashback EE

Players

MrFercho

  • Race: Zerg Zerg
  • League: Gold
  • Spawn Location: 9:00

tigro

  • Race: Terran Terran
  • League: Bronze
  • Spawn Location: 11:00

TATORREA

  • Race: Protoss Protoss
  • League: Gold
  • Spawn Location: 11:00

Kefka

  • Race: Terran Terran
  • League: Platinum
  • Spawn Location: 7:00

MrBiff

  • Race: Zerg Zerg
  • Spawn Location: 7:00

drfeelgood

  • Race: Zerg Zerg
  • Spawn Location: 7:00

VOD

Have the link to the VOD?

Description

Time

  • Played on: July 23, 2020, 9:57 p.m.
  • Length: 18:59
Show
View Real Time Build Order
Export as new Build Order

MrFercho Zerg 

Build Orders: Hatch First 

Get SALT Encoding   

  12  0:05  Drone  
  13  0:16  Overlord  
  13  0:17  Drone  
  14  0:35  Drone x2  
  16  0:52  Hatchery  
  16  0:55  Drone  
  16  0:56  Drone  
  17  1:01  Drone  
  18  1:09  Extractor  
  17  1:19  Spawning Pool  
  17  1:20  Drone  
  17  1:27  Drone  
  18  1:36  Drone  
  19  1:47  Drone  
  20  2:00  Drone  
  21  2:10  Overlord  
  21  2:14  Drone  
  22  2:17  Metabolic Boost  
  22  2:20  Drone x2  
  22  2:22  Queen x2  
  24  2:29  Overlord x2  
  28  2:48  Drone x2  
  28  2:49  Drone x2  
  32  2:59  Drone x2  
  34  3:09  Drone x2  
  36  3:19  Overlord  
  36  3:20  Drone  
  37  3:30  Hatchery  
  37  3:33  Zergling x2  
  37  3:34  Zergling x2  
  38  3:40  Zergling x12  
  44  3:55  Overlord x2  
  44  4:01  Extractor  
  43  4:06  Baneling Nest, Drone  
  43  4:10  Zergling x4  
  43  4:11  Overlord  
  45  4:28  Zergling x8  
  45  4:29  Zergling x2  
  45  4:30  Zergling x4  
  52  4:31  Overlord  
  52  4:36  Drone  
  53  4:42  Zergling x4  
  55  4:53  Drone x3  
  55  4:57  Queen  
  60  5:02  Drone  
  60  5:06  Hatchery  
  60  5:10  Lair  
  60  5:11  Zergling x6  
  60  5:12  Zergling x8  
  67  5:18  Zergling x4  
  70  5:35  Zergling x2  
  70  5:36  Zergling x14  
  77  5:50  Drone x7  
  77  5:56  Overlord  
  84  6:05  Zergling x6  
  87  6:14  Zergling x2  
  87  6:15  Zergling x18  
  97  6:38  Spore Crawler  
  96  6:40  Spore Crawler  
  95  6:52  Zergling x10  
  95  6:53  Zergling x18  
  99  7:02  Zergling x8  
  87  7:11  Zergling x8  
  66  7:30  Zergling x2  
  66  7:31  Zergling x24  
  66  7:36  Queen  
  76  7:43  Drone  
  76  7:44  Drone x3  
  54  7:54  Hydralisk Den  
  54  7:55  Spire  
  49  8:05  Spore Crawler  
  47  8:07  Spore Crawler  
  47  8:08  Overlord  
  47  8:09  Overlord  
  47  8:10  Spore Crawler  
  32  8:25  Spore Crawler  
  31  8:28  Drone x2, Spore Crawler  
  31  8:31  Queen  
  31  8:34  Muscular Augments  
  28  8:35  Hydralisk x14  
  52  8:43  Drone  
  52  8:46  Queen x2  
  52  8:48  Drone x3  
  60  9:07  Infestation Pit  
  59  9:14  Drone x6  
  59  9:15  Drone  
  66  9:22  Extractor  
  65  9:40  Mutalisk x2  
  65  9:45  Grooved Spines  
  69  9:48  Drone x2  
  71  9:55  Extractor  
  71  9:56  Drone x3  
  71  9:57  Drone  
  71  9:58  Drone x5  
  79  10:00  Drone x2  
  79  10:03  Zerg Flyer Weapons Level 1  
  81  10:10  Drone x7  
  81  10:13  Extractor  
  87  10:15  Extractor  
  76  10:58  Overlord x2  
  76  10:59  Mutalisk  
  76  11:00  Mutalisk x4  
  86  11:16  Drone x9  
  86  11:17  Drone x3  
  98  11:21  Overlord x3  
  98  11:22  Overlord  
  92  11:59  Overlord x2  
  92  12:00  Mutalisk x4  
  92  12:01  Mutalisk x5  
  100  12:07  Hydralisk x2  
  114  12:38  Hydralisk x9  
  132  12:47  Hive  
  132  12:59  Hatchery  
  132  13:01  Extractor  
  132  13:03  Extractor  
  129  13:20  Lurker Den  
  118  13:37  Hydralisk x10  
  104  14:00  Hydralisk x2  
  104  14:01  Hydralisk x8  
  118  14:17  Hydralisk  
  114  14:55  Hydralisk  
  114  14:57  Overlord x3  
  114  14:58  Overlord x3  
  114  14:59  Overlord x5  
  104  15:00  Overlord x7  
  104  15:10  Seismic Spines  
  104  15:15  Hydralisk x2  
  104  15:16  Hydralisk x5  
  104  15:21  Lurker x4  
  122  15:37  Mutalisk  
  122  15:38  Mutalisk x2  
  125  16:01  Mutalisk  
  125  16:02  Mutalisk x3  
  133  16:07  Adaptive Talons  
  133  16:21  Hydralisk x6  
  91  16:53  Hatchery  
  88  16:55  Extractor  
  88  16:58  Extractor  
  86  17:40  Hatchery  
  76  17:44  Corruptor x6  
  88  18:10  Corruptor x2  
Show
View Real Time Build Order
Export as new Build Order

tigro Terran 

Build Orders:  

Get SALT Encoding   

  12  0:14  SCV  
  13  0:25  Supply Depot  
  13  0:26  SCV  
  14  0:32  Refinery  
  14  0:38  SCV  
  15  0:49  Supply Depot  
  15  1:00  Barracks  
  15  1:02  SCV  
  16  1:14  SCV  
  16  1:16  Refinery  
  17  1:40  Engineering Bay  
  17  1:47  Marine  
  18  1:57  SCV  
  19  2:05  Marine  
  20  2:09  SCV  
  21  2:22  Factory  
  21  2:23  Marine  
  21  2:24  SCV  
  23  2:41  Marine  
  24  2:54  SCV  
  25  2:58  Marine  
  26  3:06  SCV  
  26  3:08  Factory Tech Lab  
  27  3:18  SCV  
  28  3:21  Barracks Tech Lab  
  28  3:23  Command Center  
  28  3:26  Terran Infantry Weapons Level 1  
  28  3:43  Siege Tank  
  31  3:53  Orbital Command  
  31  4:15  Starport  
  31  4:32  Marine  
  31  4:36  Refinery  
  32  4:50  Marine  
  33  4:53  Medivac  
  35  5:06  SCV  
  36  5:18  SCV  
  36  5:21  Terran Infantry Armor Level 1  
  37  5:26  Marine  
  38  5:30  SCV  
  39  5:37  Barracks  
  39  5:42  Refinery, SCV  
  40  5:43  Marine  
  40  5:49  Siege Tank  
  44  5:54  SCV  
  45  6:01  Marine  
  46  6:06  SCV  
  46  6:08  Armory  
  47  6:18  SCV  
  47  6:19  Marine  
  49  6:30  SCV  
  50  6:37  Marine  
  51  6:43  SCV  
  52  6:55  Marine  
  52  6:57  Fusion Core  
  42  7:12  Marine  
  42  7:15  Hi-Sec Auto Tracking  
  42  7:30  Marine  
  39  7:42  Barracks Reactor  
  39  7:44  Medivac  
  39  7:48  Marine  
  41  7:56  Supply Depot  
  41  8:04  Weapon Refit  
  41  8:06  Marine  
  41  8:11  Terran Vehicle And Ship Armor Level 1  
  41  8:12  Neosteel Armor  
  42  8:15  SCV  
  42  8:18  Supply Depot  
  43  8:24  Marine  
  44  8:27  SCV  
  45  8:39  SCV  
  45  8:41  Marine  
  42  8:49  Marine x2  
  42  8:51  SCV  
  45  8:59  Marine  
  46  9:03  SCV  
  46  9:06  Marine  
  46  9:07  Marine  
  49  9:15  Starport Tech Lab  
  49  9:17  Marine  
  50  9:24  Marine x2  
  52  9:35  Marine  
  53  9:42  Marine x2  
  53  9:44  Rapid Reignition System  
  55  9:51  Terran Infantry Weapons Level 2  
  55  9:53  Marine  
  55  9:59  Battlecruiser  
  62  10:00  Marine x2  
  62  10:06  Terran Vehicle Weapons Level 1  
  64  10:11  Marine  
  64  10:13  Siege Tank  
  68  10:28  Combat Shield  
  68  11:03  Battlecruiser  
  74  11:47  Stimpack  
  74  11:59  Missile Turret  
  74  12:00  Terran Ship Weapons Level 1  
  74  12:07  Terran Infantry Armor Level 2  
  74  12:08  Battlecruiser  
  80  12:10  Command Center  
  80  12:18  Marine x3  
  80  12:19  Missile Turret  
  83  12:35  Marine  
  83  12:36  Marine x2  
  86  12:40  Missile Turret  
  86  12:41  Starport  
  86  12:53  Marine x2  
  86  12:54  Marine  
  89  13:00  Missile Turret  
  89  13:11  Marine x3  
  89  13:12  Battlecruiser  
  63  13:21  Missile Turret  
  61  13:29  Marine x3  
  58  13:42  Missile Turret  
  58  13:44  Planetary Fortress  
  58  13:47  Marine x3  
  61  13:53  Refinery  
  61  14:04  Marine  
  61  14:05  Marine x2  
  64  14:16  Battlecruiser  
  70  14:22  Marine  
  70  14:23  Terran Infantry Weapons Level 3, Marine x2  
  66  14:40  Marine x3  
  66  14:44  SCV  
  68  14:51  Refinery  
  68  14:56  SCV  
  68  14:58  Marine x3  
  72  15:08  SCV  
  73  15:16  Marine x3  
  73  15:20  Battlecruiser, SCV  
  83  15:32  SCV  
  83  15:34  Marine x3  
  87  15:51  Marine  
  87  15:52  Marine x2  
  90  16:09  Marine x3  
  92  16:24  Medivac  
  93  16:27  Marine x2  
  93  16:28  Marine  
  62  16:45  Marine x2  
  62  16:47  Marine  
  59  16:55  Battlecruiser  
  59  16:56  Thor  
  71  17:03  Marine x2  
  71  17:04  Marine  
  71  17:20  Marine  
  71  17:21  Marine  
  71  17:22  Marine  
  68  17:35  SCV  
  67  17:38  Marine  
  67  17:39  Thor, Marine  
  67  17:40  Marine  
  76  17:45  Starport Tech Lab  
  76  17:47  SCV  
  74  17:57  Marine  
  75  17:59  SCV  
  82  18:11  SCV, Missile Turret  
  89  18:23  SCV  
Show
View Real Time Build Order
Export as new Build Order

TATORREA Protoss 

Build Orders: Carriers 

Get SALT Encoding   

  12  0:01  Probe  
  13  0:14  Probe  
  14  0:26  Probe  
  14  0:28  Pylon  
  15  0:46  Probe  
  16  0:53  Gateway  
  16  0:56  Probe  
  16  1:04  Probe  
  17  1:10  Assimilator  
  18  1:12  Pylon  
  18  1:13  Probe  
  19  1:25  Probe  
  20  1:39  Gateway  
  20  1:42  Gateway  
  20  1:44  Probe  
  20  1:46  Assimilator  
  21  1:56  Probe  
  22  2:08  Probe  
  22  2:12  Zealot  
  22  2:14  Cybernetics Core  
  25  2:35  Nexus  
  25  2:43  Pylon  
  25  2:52  Zealot  
  25  2:55  Zealot  
  25  2:57  Warp Gate  
  29  3:04  Zealot  
  31  3:15  Pylon  
  31  3:19  Zealot  
  33  3:25  Zealot  
  35  3:33  Zealot  
  37  3:44  Probe  
  37  3:46  Probe  
  37  3:47  Twilight Council  
  38  3:53  Probe  
  38  3:54  Probe  
  39  4:01  Probe  
  41  4:03  Probe  
  41  4:05  Charge  
  43  4:13  Probe  
  43  4:15  Probe  
  45  4:25  Probe  
  45  4:27  Probe  
  47  4:34  Robotics Facility  
  47  4:37  Gateway, Probe  
  48  4:39  Probe  
  49  4:49  Probe  
  49  4:51  Probe  
  51  4:55  Pylon  
  51  4:58  Pylon  
  51  5:01  Probe, Zealot  
  51  5:02  Zealot  
  51  5:04  Probe  
  51  5:05  Zealot  
  59  5:13  Probe  
  60  5:16  Assimilator  
  60  5:17  Probe  
  60  5:20  Assimilator  
  61  5:22  Warp Prism  
  64  5:35  Probe  
  64  5:36  Probe  
  65  5:47  Probe  
  65  5:48  Zealot x3  
  65  5:49  Zealot  
  74  5:59  Observer  
  45  6:55  Zealot  
  45  6:56  Zealot x3  
  45  7:00  Warp Prism  
  55  7:03  Blink  
  55  7:24  Probe x2  
  55  7:28  Stalker x4  
  65  7:36  Probe x2  
  67  7:38  Nexus  
  67  7:40  Pylon  
  67  7:44  Pylon  
  65  7:52  Gateway  
  65  7:54  Gateway  
  65  7:55  Stalker x3  
  65  7:56  Stalker  
  65  7:58  Gateway x2  
  67  8:01  Gateway  
  59  8:20  Stalker x2  
  59  8:21  Stalker x2  
  67  8:45  Stalker  
  67  8:46  Stalker x3  
  75  9:13  Stargate x2  
  75  9:18  Probe x3  
  75  9:19  Stargate  
  78  9:27  Stalker x4, Protoss Air Weapons Level 1  
  78  9:28  Stalker x4  
  78  9:30  Stalker, Probe x3  
  99  9:41  Stargate  
  99  9:42  Probe, Stargate  
  100  9:45  Stargate  
  100  9:48  Pylon  
  100  9:50  Pylon  
  100  9:53  Assimilator  
  100  9:57  Assimilator  
  100  10:11  Fleet Beacon, Phoenix  
  100  10:12  Phoenix x2  
  100  10:52  Probe x3  
  103  11:11  Protoss Air Weapons Level 2, Nexus  
  103  11:13  Tempest  
  103  11:14  Pylon, Carrier  
  103  11:15  Tempest, Carrier  
  103  11:16  Pylon  
  103  11:18  Pylon  
  125  11:21  Pylon  
  125  11:23  Pylon  
  125  11:32  Tempest  
  130  11:42  Carrier  
  136  11:50  Probe x3  
  139  11:56  Tempest  
  139  12:00  Cybernetics Core  
  144  12:02  Probe x3  
  147  12:14  Probe x3  
  150  12:18  Tempest, Carrier  
  150  12:19  Assimilator  
  161  12:25  Tempest  
  161  12:28  Assimilator  
  166  12:32  Tempest  
  171  12:46  Probe  
  171  12:47  Probe x2  
  171  12:48  Pylon  
  171  12:49  Probe  
  171  12:50  Pylon  
  175  12:53  Pylon  
  175  12:58  Probe  
  175  12:59  Probe x2  
  175  13:03  Protoss Air Armor Level 1  
  178  13:06  Carrier  
  62  15:04  Zealot x2  
  62  15:05  Zealot x5  
  62  15:06  Zealot x2  
  80  15:18  Tempest x2, Carrier x2  
  70  15:55  Nexus  
  60  16:19  Tempest, Carrier  
  71  16:42  Probe x2  
  66  16:54  Probe x2  
  57  17:11  Probe  
  57  17:14  Probe  
  59  17:17  Probe  
  60  17:26  Nexus  
  60  17:30  Probe  
  60  17:31  Probe x2  
  63  17:42  Probe  
  63  17:43  Probe x2  
  66  17:56  Stalker x3  
  72  18:16  Probe x2  
  72  18:17  Probe  
Show
View Real Time Build Order
Export as new Build Order

Kefka Terran 

Build Orders:  

Get SALT Encoding   

  12  0:01  SCV  
  13  0:13  SCV  
  14  0:18  Supply Depot  
  14  0:25  SCV  
  15  0:42  Barracks  
  15  0:44  SCV  
  15  0:48  Refinery  
  16  0:56  SCV  
  17  1:08  SCV  
  18  1:21  Refinery  
  18  1:28  Orbital Command  
  18  1:29  Supply Depot  
  18  1:44  Barracks Reactor  
  18  1:52  Supply Depot  
  18  1:54  SCV  
  19  2:10  SCV  
  19  2:12  Command Center  
  20  2:25  Factory  
  20  2:28  Marine x2  
  22  2:41  SCV  
  23  2:48  Marine x2  
  25  2:58  SCV  
  26  3:00  Refinery x2  
  26  3:07  Marine x2  
  26  3:10  Starport  
  28  3:13  Factory Tech Lab  
  28  3:15  SCV  
  29  3:25  Orbital Command  
  29  3:31  SCV  
  30  3:41  Cyclone  
  33  3:51  SCV x2  
  35  3:56  Marine x2  
  35  3:58  Fusion Core  
  37  4:06  Starport  
  37  4:19  SCV x2  
  37  4:23  Factory Tech Lab  
  39  4:33  Marine x2  
  41  4:39  SCV  
  41  4:40  SCV  
  41  4:44  Supply Depot  
  43  4:47  Supply Depot, Weapon Refit  
  43  4:49  Factory Tech Lab  
  43  5:00  SCV x2  
  43  5:01  Marine x2  
  47  5:08  Battlecruiser  
  47  5:13  Siege Tank  
  56  5:15  Supply Depot  
  56  5:24  Battlecruiser  
  56  5:25  Marine  
  56  5:26  Marine  
  64  5:37  Supply Depot  
  64  5:47  SCV x2  
  64  5:48  Marine x2  
  68  5:51  Siege Tank  
  68  5:55  Command Center  
  71  5:59  Supply Depot, SCV  
  71  6:00  SCV  
  73  6:08  Marine x2  
  75  6:15  Barracks  
  75  6:19  Battlecruiser  
  75  6:22  SCV  
  82  6:26  Siege Tank  
  84  7:23  Command Center  
  66  8:46  Battlecruiser x2  
  78  8:49  Orbital Command, SCV x2  
  80  9:07  SCV x2  
  82  9:10  Marine  
  82  9:11  Marine  
  84  9:23  Starport x2  
  84  9:27  Supply Depot  
  84  9:33  SCV x3  
  84  9:37  Cyclone  
  90  9:45  Factory, SCV x2  
  91  9:46  Factory, SCV  
  91  9:47  Refinery x2  
  91  9:52  Supply Depot  
  93  9:54  Command Center  
  93  9:55  Battlecruiser x2  
  105  10:02  Armory  
  105  10:07  Armory  
  105  10:16  Starport Tech Lab  
  105  10:17  Supply Depot, Engineering Bay, Starport Tech Lab  
  99  10:49  SCV  
  95  10:50  SCV x2  
  95  10:54  Battlecruiser  
  111  10:57  Cyclone  
  111  10:58  Factory Tech Lab x2  
  111  10:59  Battlecruiser  
  117  11:08  Orbital Command  
  117  11:17  Supply Depot  
  111  11:18  Supply Depot, Battlecruiser  
  111  11:20  Battlecruiser  
  123  11:29  Cyclone  
  120  11:39  Cyclone x2  
  126  11:42  SCV  
  126  11:43  SCV x2  
  129  11:57  Command Center  
  129  11:58  Supply Depot  
  129  11:59  Supply Depot, Battlecruiser  
  135  12:07  Orbital Command  
  135  12:12  Cyclone  
  135  12:13  Cyclone x2  
  144  12:16  Mag-Field Accelerator  
  144  12:25  SCV x3  
  147  12:34  SCV  
  147  12:36  Battlecruiser  
  154  12:37  SCV  
  155  12:47  Refinery  
  155  12:51  Refinery  
  147  13:19  Cyclone x3  
  156  13:20  Battlecruiser  
  156  13:21  SCV x4  
  146  14:16  Cyclone x3  
  152  14:18  Battlecruiser x3  
  155  14:52  Cyclone x3  
  164  15:05  SCV x3  
  167  15:09  SCV  
  168  15:17  SCV x2  
  170  15:27  SCV x2  
  172  15:29  SCV  
  173  15:36  Cyclone x3  
  173  15:42  Terran Ship Weapons Level 1, Fusion Core, Terran Vehicle And Ship Armor Level 1  
  182  15:43  Infernal Pre-Igniter  
  182  15:49  SCV x4  
  186  16:03  SCV x4  
  190  16:12  Refinery  
  190  16:14  Refinery, Missile Turret x2  
  190  16:17  Missile Turret  
  190  16:52  Cyclone x3  
  190  17:04  SCV x3  
  190  17:05  SCV  
  190  17:07  Planetary Fortress  
  194  17:27  Battlecruiser  
Show
View Real Time Build Order
Export as new Build Order

MrBiff Zerg 

Build Orders: Pool First, Brood Lord Corruptor 

Get SALT Encoding   

  12  0:08  Overlord  
  12  0:18  Drone x2  
  14  0:34  Drone  
  15  0:36  Drone  
  16  0:51  Drone  
  16  0:52  Spawning Pool  
  16  1:20  Hatchery  
  15  1:36  Drone x3  
  15  1:39  Queen  
  20  1:43  Extractor  
  19  1:57  Zergling x2  
  20  2:05  Overlord  
  20  2:35  Drone x4  
  24  3:03  Drone x2  
  24  3:04  Drone x2  
  28  3:14  Extractor  
  28  3:16  Queen  
  29  3:20  Zergling x6  
  29  3:21  Drone x3  
  35  3:34  Baneling Nest  
  34  3:44  Zergling x4  
  34  3:45  Overlord  
  34  3:46  Overlord  
  34  3:47  Overlord  
  36  4:04  Drone x3  
  36  4:05  Drone x2  
  36  4:08  Drone  
  42  4:24  Zergling x4  
  42  4:25  Zergling x4  
  46  4:36  Extractor  
  45  4:39  Extractor  
  44  4:50  Drone x4  
  48  5:17  Lair  
  48  5:18  Metabolic Boost  
  48  5:36  Overlord  
  48  5:37  Overlord  
  48  5:41  Drone x3  
  51  5:44  Drone x2  
  51  5:45  Drone  
  51  5:47  Zergling x8  
  51  5:48  Zergling x4  
  60  6:12  Overlord  
  60  6:14  Zergling x6  
  63  6:19  Baneling x2  
  63  6:20  Baneling x4  
  63  6:21  Baneling x10  
  63  6:32  Baneling x2  
  63  6:33  Baneling x4  
  50  7:36  Zergling x4  
  50  7:37  Zergling x12  
  51  7:38  Zergling x12  
  51  7:39  Zergling x6  
  62  7:53  Zergling x2  
  62  7:54  Zergling x8  
  66  8:05  Baneling x12  
  66  8:06  Baneling x7  
  66  8:11  Baneling  
  66  8:12  Baneling x15  
  66  8:16  Zergling x2  
  66  8:17  Zergling x6  
  70  8:30  Infestation Pit  
  69  8:35  Spire  
  69  8:37  Zergling x4  
  69  8:38  Zergling x4, Overlord  
  69  8:39  Overlord  
  69  8:41  Centrifical Hooks  
  72  8:47  Drone x2, Evolution Chamber  
  73  8:57  Drone x2  
  73  8:58  Drone x2  
  77  9:31  Spire  
  76  9:33  Hive  
  76  9:35  Zerg Melee Weapons Level 1  
  76  10:14  Zerg Flyer Weapons Level 1  
  76  10:16  Hatchery  
  75  10:33  Extractor  
  74  10:37  Extractor  
  73  10:49  Greater Spire  
  73  11:04  Corruptor x4  
  73  11:05  Corruptor x3  
  73  11:06  Corruptor x2  
  73  11:07  Corruptor x4  
  99  11:27  Drone x4  
  99  11:28  Drone x3  
  99  11:30  Zerg Ground Armor Level 1  
  99  11:31  Overlord x2  
  99  11:32  Overlord x4  
  106  11:33  Overlord x3  
  106  11:49  Drone  
  106  11:50  Drone x3  
  106  11:51  Drone x5  
  115  11:54  Drone  
  115  11:55  Drone x3  
  119  12:04  Corruptor x2  
  110  13:24  Zerg Missile Weapons Level 1  
  97  13:53  Brood Lord x4  
  97  13:54  Brood Lord x3  
  111  13:58  Corruptor x2  
  111  13:59  Corruptor x5  
  111  14:00  Corruptor x5  
  135  14:03  Zergling x8  
  89  15:05  Mutalisk x2  
  89  15:06  Corruptor x4, Mutalisk x3  
  93  15:49  Corruptor x2  
  93  15:50  Corruptor x2, Mutalisk x3  
  93  15:51  Corruptor x2  
  110  16:04  Overseer x2  
  110  16:05  Overseer  
  110  16:06  Corruptor  
  81  16:35  Hatchery  
  80  17:02  Pneumatized Carapace  
  80  17:03  Zergling x2  
  80  17:04  Corruptor x4, Mutalisk x4  
  97  17:22  Zergling x2, Corruptor x2, Mutalisk  
  104  17:51  Extractor x2  
  103  17:53  Baneling x2  
  102  18:00  Corruptor  
  102  18:01  Corruptor x3  
  102  18:04  Overlord x4  
  110  18:07  Zergling x2  
Show
View Real Time Build Order
Export as new Build Order

drfeelgood Zerg 

Build Orders: Hatch First, Roach Hydra 

Get SALT Encoding   

  12  0:01  Drone  
  13  0:12  Drone  
  14  0:18  Overlord  
  14  0:36  Drone x2  
  14  0:37  Drone  
  17  0:52  Drone  
  18  0:58  Drone  
  19  1:07  Hatchery  
  18  1:14  Extractor  
  17  1:21  Spawning Pool, Drone  
  17  1:23  Drone  
  18  1:45  Drone x2  
  20  1:57  Drone  
  21  2:12  Drone  
  22  2:22  Queen  
  22  2:24  Queen  
  22  2:26  Metabolic Boost  
  26  2:40  Roach Warren, Drone x3  
  26  2:43  Overlord x2  
  28  3:03  Queen  
  28  3:04  Queen  
  32  3:14  Extractor, Drone x2  
  32  3:15  Baneling Nest  
  32  3:17  Drone  
  32  3:19  Zergling x2  
  34  3:24  Overlord  
  34  3:30  Drone x2  
  36  3:39  Overlord  
  36  3:52  Drone x2  
  36  3:54  Drone x4  
  42  4:08  Drone x3  
  45  4:10  Lair  
  44  4:27  Drone x3  
  44  4:28  Drone x3  
  50  4:31  Extractor  
  50  4:33  Extractor  
  48  4:41  Drone x2  
  48  4:42  Drone x3  
  53  5:04  Hatchery  
  53  5:07  Drone x5  
  53  5:08  Drone  
  53  5:09  Drone  
  53  5:12  Evolution Chamber  
  53  5:13  Evolution Chamber x2, Centrifical Hooks  
  56  5:18  Glial Reconstitution  
  56  5:24  Hydralisk Den  
  56  5:26  Drone  
  56  5:40  Burrow  
  56  5:43  Zerg Ground Armor Level 1, Zerg Missile Weapons Level 1  
  56  5:47  Zerg Melee Weapons Level 1  
  56  5:48  Drone x3  
  59  6:05  Grooved Spines  
  59  6:08  Overlord x4  
  59  6:16  Infestation Pit  
  58  6:20  Queen  
  58  6:21  Extractor  
  58  6:22  Extractor  
  58  6:31  Drone x8  
  66  6:45  Hydralisk x2, Spire  
  66  6:46  Roach  
  67  6:47  Zergling x2  
  67  6:51  Hydralisk, Pneumatized Carapace  
  67  6:53  Hydralisk  
  57  7:16  Muscular Augments  
  57  7:21  Hydralisk x3  
  57  7:22  Roach x4, Hydralisk  
  71  7:23  Roach  
  71  7:57  Queen  
  73  8:02  Hive, Zerg Melee Weapons Level 2  
  73  8:08  Hydralisk  
  73  8:09  Roach, Hydralisk x2  
  73  8:10  Roach  
  83  8:18  Ravager  
  84  8:22  Hydralisk  
  84  8:23  Roach  
  84  8:24  Zergling x2  
  84  8:25  Zergling x6  
  84  8:26  Overlord  
  92  8:27  Overlord x2  
  92  8:47  Hatchery  
  91  8:53  Hydralisk x3  
  91  8:54  Roach x2, Hydralisk  
  103  8:56  Baneling  
  103  8:57  Baneling x3  
  103  8:58  Zergling x2  
  104  9:10  Zergling x2, Roach  
  104  9:11  Zergling x8  
  104  9:12  Zergling x2  
  112  9:29  Zergling x6  
  115  9:36  Zerg Missile Weapons Level 2, Zerg Ground Armor Level 2  
  115  10:06  Zergling x10  
  115  10:07  Zergling x4  
  121  10:08  Overlord x2  
  121  10:09  Overlord x4  
  122  10:17  Overseer  
  122  10:18  Overseer x2  
  122  10:19  Overseer  
  122  10:38  Drone x8  
  130  10:45  Queen  
  132  10:51  Zerg Melee Weapons Level 3  
  132  10:56  Pathogen Glands  
  132  11:08  Extractor  
  131  11:11  Extractor  
  130  11:29  Zergling x2  
  130  11:30  Zergling x10  
  130  11:31  Zergling x2  
  130  11:32  Infestor x5  
  147  12:08  Hatchery, Hydralisk x3  
  147  12:09  Roach x3  
  158  12:52  Baneling  
  158  12:53  Baneling x3  
  158  12:54  Baneling x6  
  158  12:55  Baneling  
  158  12:56  Infestor x4  
  158  12:57  Overlord x2  
  158  12:58  Overlord x3  
  166  12:59  Hydralisk  
  166  13:00  Hydralisk  
  166  13:02  Overlord  
  166  13:03  Overlord x3  
  170  13:22  Baneling x13  
  85  14:23  Roach, Hydralisk x5  
  85  14:24  Roach x5, Hydralisk  
  83  14:55  Hydralisk x4  
  83  14:56  Roach x3, Hydralisk  
  95  15:13  Hydralisk  
  95  15:14  Roach x2, Hydralisk x3  
  91  15:15  Roach x2  
  91  15:19  Zerg Missile Weapons Level 3  
  91  15:20  Zerg Ground Armor Level 3  
  105  15:22  Adrenal Glands  
  105  15:29  Queen  
  105  15:34  Drone x8  
  115  15:42  Hatchery, Queen  
  116  15:57  Hydralisk  
  116  15:58  Hydralisk x2  
  116  15:59  Extractor  
  116  16:00  Extractor  
  120  16:09  Ravager x7  
  120  16:10  Ravager x2  
  108  16:46  Roach x3  
  108  16:47  Roach x4  
  120  16:48  Roach x4, Hydralisk x5  
  120  16:51  Overlord  
  140  17:21  Infestor  
  140  17:22  Infestor, Lurker Den  
  143  17:33  Overseer x3  
  143  17:44  Roach x5, Hydralisk x2  
  147  17:45  Roach  
  147  17:47  Ravager  
  147  17:48  Ravager  
  161  18:05  Zergling x22  
  167  18:06  Zergling x2  
  173  18:20  Infestor x3  
  179  18:31  Hatchery  
  176  18:44  Baneling  
Tags
 
Add a new tag
Caveats
  • Supply blocks, unpowered buildings, or Contaminate may cause inaccurate times.
  • Supply counts are checked every 10 seconds.